 Dungeon Sprint DCSS version 0.28.0-53-g5a82cb258f (webtiles) character file.

Game seed: 13845509445076846203

618 Zeld the Transmogrifier (level 7, -17/63 HPs)
             Began as an Octopode Transmuter on June 13, 2022.
             Was a Believer of Sif Muna.
             Demolished by a boulder beetle (26 damage)
             ... in the Dungeon (Sprint IX: "|||||||||||||||||||||||||||||").
             The game lasted 00:01:13 (1013 turns).

Zeld the Transmogrifier (Octopode Transmuter)       Turns: 1013, Time: 00:01:13

Health: -17/63     AC:  8    Str: 11    XL:     7   Next: 45%
Magic:  15/19      EV: 12    Int: 19    God:    Sif Muna [**....]
Gold:   0          SH:  0    Dex: 12    Spells: 13/23 levels left

rFire   x . .      SeeInvis .     - Unarmed
rCold   + + +      Faith    .   (shield currently unavailable)
rNeg    . . .      Spirit   .   (helmet currently unavailable)
rPois   +          Reflect  .   (no amulet)
rElec   .          Harm     .   i - +2 ring of evasion
rCorr   .          Rampage  .   j - +3 ring of intelligence
Will    .....      NoTele   +   (no ring)
Stlth   +.........              (no ring)
HPRegen 0.20/turn               (no ring)
MPRegen 0.16/turn               (no ring)
                                (no ring)
                                (no ring)

@: ice-form, wereblooded
A: freezing attack, boosted hp, almost no armour, amphibious, 8 rings, large,
(camouflage 1), (gelatinous body 1), (nimble swimmer 1), (tentacles), screaming
1
a: End Transformation, Renounce Religion, Channel Magic


You were in the Dungeon.
You worshipped Sif Muna.
Sif Muna was pleased with you.
You were a creature of crystalline ice.
You visited 1 branch

Inventory:

Jewellery
 i - a +2 ring of evasion (left front paw)
 j - a +3 ring of intelligence (right front paw)
Wands
 h - a wand of iceblast (10)
Scrolls
 f - 2 scrolls of blinking
 g - 2 scrolls of amnesia
Potions
 a - 5 potions of curing
 c - a potion of haste
 d - 4 potions of magic
 e - a potion of invisibility


   Skills:
 + Level 6.3 Fighting
 - Level 2.0 Dodging
 + Level 7.0 Unarmed Combat
 * Level 8.6 Spellcasting
 * Level 9.4 Transmutations


You had 13 spell levels left.
You knew the following spells:

 Your Spells              Type           Power      Damage    Failure   Level
a - Beastly Appendage     Tmut           88%        N/A       1%          1
b - Wereblood             Tmut           44%        N/A       1%          2
c - Spider Form           Tmut/Pois      26%        N/A       3%          3
d - Ice Form              Ice/Tmut       26%        N/A       12%         4

Your spell library contained the following spells:

 Spells                   Type           Power      Damage    Failure   Level


Dungeon Overview and Level Annotations

Branches:
Dungeon (1/1)

Altars:
Cheibriados
Dithmenos
Elyvilon
Fedhas
Gozag
Hepliaklqana
Kikubaaqudgha
Makhleb
Nemelex Xobeh
Okawaru
Qazlal
Ru
Sif Muna
Trog
Uskayaw
Vehumet
Wu Jian
Xom
Yredelemnul
Zin
The Shining One
Beogh
Jiyva
Lugonu


Innate Abilities, Weirdness & Mutations

You are a creature of crystalline ice.
You have a powerful freezing melee attack.
Your maximum health is increased.
Your armour is entirely melded.
You are incapable of wielding weapons or throwing items.
You cannot wear most types of armour.
You are amphibious.
You can wear up to eight rings at the same time.
((Your skin changes colour to match your surroundings (Stealth+).))
((Your rubbery body absorbs attacks. (AC +1, EV +1)))
((You are camouflaged when in or above water. (Stealth+)))
((You have tentacles for arms and can constrict up to eight enemies at once.))
You occasionally shout uncontrollably at your foes.


Message History

The boulder beetle misses you.
The boulder beetle stops rolling and uncurls.
There is an open door here.
You hit the boulder beetle. You freeze the boulder beetle.
The boulder beetle is lightly wounded.
The boulder beetle bites you!
You pummel the boulder beetle!! You freeze the boulder beetle!
The boulder beetle is heavily wounded.
Okay, then.
You punch the boulder beetle! You freeze the boulder beetle.
The boulder beetle is heavily wounded.
The boulder beetle bites you.
You hit the boulder beetle. You freeze the boulder beetle.
The boulder beetle is severely wounded.
The boulder beetle misses you.
Unknown command.
You hit the boulder beetle. You freeze the boulder beetle.
The boulder beetle is severely wounded.
The boulder beetle bites you!
You punch the boulder beetle! You freeze the boulder beetle.
The boulder beetle is almost dead.
The boulder beetle closely misses you.
Unknown command.
You hit the boulder beetle but do no damage.
The boulder beetle is almost dead.
The boulder beetle bites you.
Unknown command.
You hit the boulder beetle. You freeze the boulder beetle.
The boulder beetle is almost dead.
The boulder beetle bites you!!
* * * LOW HITPOINT WARNING * * *
Unknown command.
You hit the boulder beetle but do no damage.
The boulder beetle is almost dead.
Unknown command.
Unknown command.
You hit the boulder beetle but do no damage.
The boulder beetle is almost dead.
The boulder beetle bites you!!
You die... ▓▓▓▓▓▓▓▓▓▓▓▓▓▓▓▓▓▓▓▓▓▓▓▓ +TDOCyBY.....))..[[[.).. ▓▓▓▓▓▓▓▓▓▓▓▓▓▓▓▓▓▓▓▓▓▓▓▓

You could see a boulder beetle, a five-headed hydra, a two-headed ogre, a cyclops, a troll and a vampire mosquito.

Vanquished Creatures
  A wraith (D)
  An acid dragon (D)
  2 centaurs (D)
  2 scorpions (D)
  A killer bee (D)
  2 orc wizards (D)
  An adder (D)
  A ball python (D)
  A bat skeleton (D)
  A kobold (D)
  2 frilled lizards (D)
  A rat (D)
16 creatures vanquished.

Notes
Turn   | Place    | Note
-------+----------+-------------------------------------------
     0 | D        | Zeld the Octopode Transmuter began the quest for the Orb.
     0 | D        | Reached XP level 1. HP: 13/13 MP: 3/3
   178 | D        | Noticed a scorpion
   178 | D        | Noticed a scorpion
   178 | D        | Noticed a centaur
   183 | D        | Reached skill level 3 in Transmutations
   183 | D        | Reached XP level 2. HP: 19/19 MP: 4/6
   186 | D        | Killed a centaur
   187 | D        | Reached skill level 5 in Spellcasting
   187 | D        | Reached skill level 5 in Transmutations
   187 | D        | Reached XP level 3. HP: 19/26 MP: 4/9
   187 | D        | Reached XP level 4. HP: 23/31 MP: 4/11
   189 | D        | Killed a scorpion
   190 | D        | Reached skill level 5 in Unarmed Combat
   190 | D        | Reached skill level 6 in Transmutations
   190 | D        | Reached XP level 5. HP: 16/37 MP: 4/13
   481 | D        | Learned a level 2 spell: Wereblood
   485 | D        | Learned a level 3 spell: Spider Form
   490 | D        | Learned a level 4 spell: Ice Form
   501 | D        | Reached skill level 7 in Transmutations
   503 | D        | Gained mutation: You occasionally shout uncontrollably at
                  | your foes. [mutagenic glow]
   616 | D        | Found a snail-covered altar of Cheibriados.
   616 | D        | Found a shadowy altar of Dithmenos.
   616 | D        | Found a white marble altar of Elyvilon.
   616 | D        | Found a blossoming altar of Fedhas.
   616 | D        | Found an opulent altar of Gozag.
   617 | D        | Found a hazy altar of Hepliaklqana.
   618 | D        | Found a viscous altar of Jiyva.
   619 | D        | Found an ancient bone altar of Kikubaaqudgha.
   620 | D        | Found a corrupted altar of Lugonu.
   621 | D        | Found a burning altar of Makhleb.
   622 | D        | Found a sparkling altar of Nemelex Xobeh.
   623 | D        | Found an iron altar of Okawaru.
   624 | D        | Found a stormy altar of Qazlal.
   625 | D        | Found a sacrificial altar of Ru.
   626 | D        | Found a shimmering blue altar of Sif Muna.
   627 | D        | Found a bloodstained altar of Trog.
   628 | D        | Found a hide-covered altar of Uskayaw.
   629 | D        | Found a radiant altar of Vehumet.
   630 | D        | Found an ornate altar of the Wu Jian Council.
   631 | D        | Found a shimmering altar of Xom.
   632 | D        | Found a basalt altar of Yredelemnul.
   633 | D        | Found a glowing silver altar of Zin.
   634 | D        | Became a worshipper of Sif Muna the Loreminder
   635 | D        | Found a glowing golden altar of the Shining One.
   665 | D        | Noticed an acid dragon
   665 | D        | Noticed a centaur
   665 | D        | Noticed a wraith
   668 | D        | Reached XP level 6. HP: 35/45 MP: 3/15
   676 | D        | Reached skill level 5 in Fighting
   681 | D        | Killed a wraith
   681 | D        | Reached * piety under Sif Muna
   682 | D        | Reached skill level 8 in Transmutations
   686 | D        | Reached XP level 7. HP: 13/51 MP: 6/18
   686 | D        | HP: 3/61 [centaur/arrow (11)]
   697 | D        | Reached skill level 9 in Transmutations
   699 | D        | Reached ** piety under Sif Muna
  1002 | D        | Noticed a five-headed hydra
  1002 | D        | Noticed a troll
  1002 | D        | Noticed a two-headed ogre
  1002 | D        | Noticed a cyclops
  1002 | D        | Noticed a vampire mosquito
  1002 | D        | Noticed a boulder beetle
  1013 | D        | Demolished by a boulder beetle

Illustrated notes

Levels and vault maps discovered:
D:        linesprint [early_d, line_temple, items_1, d_10, items_2, lair_1,
          lair_end, items_3, orc_1, orc_end, items_4, d_15, swamp_1, shoals_1,
          snake_1, spider_1, d_20, vaults_1, items_5, swamp_end, shoals_end,
          snake_end, spider_end, vaults_end, d_27, items_6, zot_1, zot_end,
          crypt_end, forest_end, elf_end, slime_end, tomb_end, abyss_end,
          pan_hell_end]

Skill      XL: |  1  2  3  4  5  6  7 |
---------------+----------------------+-----
Fighting       | 2 3 4 5 6 |  6.3
Spellcasting   | 3 5 6 7 8 |  8.6
Transmutations | 3 5 6 7 8 9 |  9.4
Unarmed Combat | 4 5 6 7 |  7.0
Dodging        | |  2.0

Action                   |  1- 3 |  4- 6 |  7- 9 || total
-------------------------+-------+-------+-------++-------
Melee: Unarmed           |    13 |    21 |    17 ||    51
       Constrict         |     3 |     2 |       ||     5
       Kick              |     3 |       |       ||     3
       Tentacles         |     1 |     2 |       ||     3
 Cast: Beastly Appendage |     3 |     1 |       ||     4
       Ice Form          |       |     1 |     2 ||     3
       Wereblood         |       |     1 |     1 ||     2
       Spider Form       |       |       |     1 ||     1
  Use: Potion            |     1 |       |     3 ||     4
Armor: Skin              |     5 |     7 |     5 ||    17
Dodge: Dodged            |     5 |     8 |    25 ||    38
